AoeStats
← Pwncakes

Nomad

510167823Analyzed
2v2 RM · 2d ago on Sep 29, 2026· 44m 12s· 4 players
Game mode
Random Map
Map size
176×176
Population
200
Speed
Normal
Resources
Standard
Victory
Conquest
Starting age
Dark Age
Ending age
Imperial Age
RankedLock teamsTeams togetherTeam positionsShared explorationLock speedFull tech treeHidden civsTurbo modeCheats
Victory
Defeat
🇩🇪 Persians · Germany
1452
+12
🇩🇪 Spanish · Germany
1321
+18
🇺🇸 Vikings · United States
1368
-15
🇺🇸 Danes · United States
1367
-15
Pwncakes
2:56 Loom
13:03 Feudal Age
13:34 Double-Bit Axe
13:37 Fishing Lines
16:06 Forging
16:10 Fishing Lines
20:44 Gold Mining
20:23 Man-at-Arms
20:52 Arson
23:37 Castle Age
21:58 Scale Mail Armor
24:02 Fletching
24:55 Chain Mail Armor
25:25 Squires
26:56 Iron Casting
28:38 Bodkin Arrow
31:25 Wheelbarrow
31:53 Pikeman
34:27 Gambesons
35:54 Masonry
37:27 Hand Cart
38:51 Ballistics
40:49 Gillnets
41:29 Padded Archer Armor
42:24 Bow Saw
43:34 Padded Archer Armor
44:49 Gold Shaft Mining
BigAl
4:59 Loom
11:55 Feudal Age
12:22 Double-Bit Axe
16:39 Forging
16:23 Fishing Lines
17:23 Fishing Lines
20:58 Castle Age
19:39 Fletching
21:58 Medium Warships
22:20 Bodkin Arrow
23:49 Gillnets
24:27 Scale Mail Armor
25:03 Iron Casting
27:05 Padded Archer Armor
31:12 Imperial Age
31:17 Chain Mail Armor
33:24 Heavy Warships
35:09 Bracer
35:49 Squires
37:30 Elite Varangian Guard
39:31 Plate Mail Armor
39:37 Conscription
39:11 Arson
40:58 Blast Furnace
40:48 Leather Archer Armor
40:09 Elite Skirmisher
40:53 Bogsveigar
40:49 Crossbowman
42:53 Bow Saw
43:42 Arbalester
TrCL.MAN1AC
4:29 Loom
11:28 Feudal Age
12:04 Double-Bit Axe
18:43 Wheelbarrow
19:08 Forging
20:42 Town Watch
26:36 Castle Age
24:46 Horse Collar
27:06 Fletching
27:43 Bodkin Arrow
28:31 Bow Saw
30:50 Heavy Plow
31:34 Gold Mining
32:43 Hand Cart
33:41 Gold Shaft Mining
34:01 Bloodlines
33:52 Husbandry
35:38 Scale Barding Armor
41:24 Imperial Age
39:29 Chain Barding Armor
39:44 Iron Casting
42:47 Chemistry
42:57 Plate Barding Armor
41:44 Cavalier
Replikator
4:14 Loom
14:39 Feudal Age
18:39 Castle Age
17:01 Stone Mining
18:06 Double-Bit Axe
18:14 Gold Mining
20:26 Padded Archer Armor
20:53 Bow Saw
24:26 Horse Collar
27:48 Town Watch
33:55 Imperial Age
32:32 Fletching
33:28 Bodkin Arrow
34:14 Leather Archer Armor
35:14 Bloodlines
35:46 Husbandry
35:35 Light Cavalry
38:51 Ring Archer Armor
39:15 Capped Ram
41:19 Scale Barding Armor
41:25 Elite Conquistador
43:41 Wheelbarrow
43:57 Siege Ram
Connection lost

Rejoining the realm…

Still unreachable

The connection could not be restored.

Session expired

The server has moved on; the page needs a fresh start.